 Dungeon Crawl Stone Soup version 0.26.1-11-gd32895ea62 (webtiles) character file.

Game seed: 9730897035938455949

661745 ZappyNine the Axe Maniac (level 27, -50/274 HPs)
             Began as a Deep Dwarf Fighter on June 14, 2021.
             Was the Champion of Makhleb.
             Killed from afar by an orb of fire (72 damage)
             ... with a fireball
             ... on level 5 of the Realm of Zot on June 29, 2021.
             The game lasted 02:11:47 (49205 turns).

ZappyNine the Axe Maniac (Deep Dwarf Fighter)      Turns: 49205, Time: 02:11:48

Health: -50/274    AC: 47    Str: 27    XL:     27
Magic:  16/16      EV: 24    Int: 23    God:    Makhleb [******]
Gold:   4285       SH:  5    Dex: 18    Spells: 26/26 levels left

rFire    . . .     SeeInvis .   a - +9 battleaxe (flame)
rCold    + + +     Faith    .   (shield currently unavailable)
rNeg     + + +     Spirit   .   H - +10 plate armour of Dust Devil {Harm Slay+5}
rPois    +         Reflect  +   f - +2 helmet
rElec    .         Harm     +   L - +2 cloak
rCorr    .         Rampage  .   w - +2 pair of gloves
Will     ++++.     Rnd*Rage +   W - +2 pair of boots "Ruoluyz" {rPois rF+ rC+ Int+4} Stlth ..........Rnd*Tele +
                                P - amulet "Jeyv" {Reflect rPois rC- Str+3 Int+3 SH+5}
HPRegen  0.00/turn              U - ring "Ydweph" {Wiz +Fly rC+++ rN++ Str-4}
MPRegen  0.15/turn              x - ring of the Oligarchy {Int+6 Dex+6 Slay+4}

@: fire vulnerable, non-regenerating
A: damage resistance, heal wounds, claws 1, repulsion field 1, berserk 1,
deterioration 1, dopey 1, high mp 1, negative energy resistance 1, sense
surroundings 3, screaming 1, teleportitis 1, weak 1, no potion heal 1, subdued
magic 1, no regeneration
}: 3/15 runes: decaying, silver, gossamer
a: Heal Wounds, Renounce Religion, Evoke Flight, Minor Destruction, Lesser
Servant of Makhleb, Major Destruction, Greater Servant of Makhleb


You were on level 5 of the Realm of Zot.
You worshipped Makhleb.
Makhleb was exalted by your worship.
You visited 10 branches of the dungeon, and saw 50 of its levels.
You visited 1 bazaar.
You also visited: Bailey, Gauntlet and Ice Cave.

You collected 8658 gold pieces.
You spent 4373 gold pieces at shops.

Inventory:

Hand Weapons
 a - a +9 battleaxe of flaming (weapon)
Armour
 f - a +2 helmet (worn)
 w - a +2 pair of gloves (worn)
 H - the +10 plate armour of Dust Devil (worn) {Harm Slay+5}
   (You bought it in a shop on level 2 of the Orcish Mines)

   It affects your accuracy and damage with ranged weapons and melee attacks
   (+5).
   It increases damage dealt and taken.
 L - a +2 cloak (worn)
 W - the +2 pair of boots "Ruoluyz" (worn) {rPois rF+ rC+ Int+4}
   (You found it in a Gauntlet)

   It affects your intelligence (+4).
   It protects you from fire.
   It protects you from cold.
   It protects you from poison.
Jewellery
 r - an uncursed amulet of guardian spirit
 x - the ring of the Oligarchy (right hand) {Int+6 Dex+6 Slay+4}
   (You found it on level 1 of the Depths)

   [ring of dexterity]

   It affects your intelligence (+6).
   It affects your dexterity (+6).
   It affects your accuracy and damage with ranged weapons and melee attacks
   (+4).
 C - the ring "Igecwaer" {rPois rN+ EV+4 Str-3}
   (You acquired it on level 8 of the Dungeon)

   [ring of evasion]

   It affects your evasion (+4).
   It affects your strength (-3).
   It protects you from poison.
   It protects you from negative energy.
 O - the ring "Gyqelum" {Int+3 Dex+5 Slay+4}
   (You found it in an ice cave)

   [ring of slaying]

   It affects your intelligence (+3).
   It affects your dexterity (+5).
   It affects your accuracy and damage with ranged weapons and melee attacks
   (+4).
 P - the amulet "Jeyv" (around neck) {Reflect rPois rC- Str+3 Int+3 SH+5}
   (You took it off a fire giant on level 5 of the Vaults)

   [amulet of reflection]

   It shields you and reflects attacks.
   It affects your strength (+3).
   It affects your intelligence (+3).
   It makes you vulnerable to cold.
   It protects you from poison.
   It affects your SH (+5).
 U - the ring "Ydweph" (left hand) {Wiz +Fly rC+++ rN++ Str-4}
   (You found it in a Gauntlet)

   [ring of wizardry]

   It improves your spell success rate.
   It affects your strength (-4).
   It renders you almost immune to cold.
   It greatly protects you from negative energy.
   It lets you fly.
 Y - the amulet "Vargheefo" {rElec rC- rN++ Regen+ Stlth+}
   (You took it off a yaktaur captain on level 5 of the Vaults)

   [amulet of regeneration]

   It makes you vulnerable to cold.
   It insulates you from electricity.
   It greatly protects you from negative energy.
   It increases your rate of regeneration.
   It makes you more stealthy.
 Z - the ring "Seijiniy" {EV+4 Str+3}
   (You took it off a vault warden on level 5 of the Vaults)

   [ring of evasion]

   It affects your evasion (+4).
   It affects your strength (+3).
Wands
 b - a wand of paralysis (22)
 c - a wand of polymorph (12)
 o - a wand of digging (33)
 p - a wand of acid (78)
 y - a wand of random effects (14)
 D - a wand of disintegration (50)
 N - a wand of enslavement (47)
 X - a wand of flame (30)
Scrolls
 e - 51 scrolls of remove curse
 g - 11 scrolls of blinking
 h - 25 scrolls of teleportation
 k - 14 scrolls of amnesia
 l - 4 scrolls of silence
 n - 2 scrolls of holy word
 s - 3 scrolls of summoning
 u - 7 scrolls of fear
 v - 7 scrolls of fog
 G - 17 scrolls of identify
 I - 7 scrolls of magic mapping
 R - 2 scrolls of enchant armour
 T - 5 scrolls of enchant weapon
Potions
 d - 4 potions of might
 i - 8 potions of brilliance
 j - 33 potions of curing
 m - 2 potions of invisibility
 q - 5 potions of berserk rage
 t - 6 potions of ambrosia
 z - 5 potions of haste
 B - 5 potions of resistance
 F - 11 potions of flight
 J - 2 potions of heal wounds
 M - 2 potions of magic
 V - 5 potions of cancellation
Miscellaneous
 E - a phial of floods
 K - a phantom mirror
 Q - a phantom mirror
 S - a condenser vane


   Skills:
 + Level 21.6 Fighting
 O Level 27 Axes
 + Level 24.9 Armour
 - Level 19.9 Dodging
 - Level 5.5 Shields
 - Level 20.7 Invocations
 - Level 20.8 Evocations


You had 26 spell levels left.
You didn't know any spells.
Your spell library contained the following spells:

 Spells                   Type           Power        Failure   Level
 Animate Skeleton         Necr           0%           19%         1
 Apportation              Tloc           0%           19%         1
 Beastly Appendage        Tmut           0%           19%         1
 Corona                   Hex            0%           19%         1
 Foxfire                  Conj/Fire      0%           19%         1
 Freeze                   Ice            0%           19%         1
 Magic Dart               Conj           0%           19%         1
 Pain                     Necr           0%           19%         1
 Sandblast                Erth           0%           19%         1
 Sting                    Tmut/Pois      0%           19%         1
 Summon Small Mammal      Summ           0%           19%         1
 Blink                    Tloc           N/A          28%         2
 Call Imp                 Summ           0%           28%         2
 Corpse Rot               Necr/Air       N/A          28%         2
 Ensorcelled Hibernation  Hex/Ice        0%           28%         2
 Passwall                 Tmut/Erth      0%           28%         2
 Poisonous Vapours        Pois/Air       0%           28%         2
 Searing Ray              Conj           0%           28%         2
 Slow                     Hex            0%           28%         2
 Sublimation of Blood     Necr           0%           28%         2
 Swiftness                Air            0%           28%         2
 Wereblood                Tmut           0%           28%         2
 Call Canine Familiar     Summ           0%           47%         3
 Confusing Touch          Hex            0%           47%         3
 Conjure Flame            Conj/Fire      0%           47%         3
 Dazzling Flash           Conj/Hex       0%           47%         3
 Gell's Gravitas          Tloc           0%           47%         3
 Ignite Poison            Fire/Tmut/Pois 0%           47%         3
 Inner Flame              Hex/Fire       0%           47%         3
 Lesser Beckoning         Tloc           0%           47%         3
 Mephitic Cloud           Conj/Pois/Air  0%           47%         3
 Portal Projectile        Hex/Tloc       0%           47%         3
 Spider Form              Tmut/Pois      0%           47%         3
 Stone Arrow              Conj/Erth      0%           47%         3
 Summon Guardian Golem    Hex/Summ       0%           47%         3
 Teleport Other           Tloc           0%           47%         3
 Tukima's Dance           Hex            0%           47%         3
 Vampiric Draining        Necr           0%           47%         3
 Animate Dead             Necr           0%           86%         4
 Cause Fear               Hex            0%           86%         4
 Fulminant Prism          Conj/Hex       0%           86%         4
 Hailstorm                Conj/Ice       0%           86%         4
 Ice Form                 Ice/Tmut       0%           86%         4
 Iskenderun's Mystic Bla  Conj/Tloc      0%           86%         4
 Leda's Liquefaction      Hex/Erth       0%           86%         4
 Olgreb's Toxic Radiance  Pois           0%           86%         4
 Passage of Golubria      Tloc           N/A          86%         4
 Petrify                  Tmut/Erth      0%           86%         4
 Sticky Flame             Conj/Fire      0%           86%         4
 Summon Ice Beast         Ice/Summ       0%           86%         4
 Summon Lightning Spire   Summ/Air       0%           86%         4
 Agony                    Necr           0%           99%         5
 Blade Hands              Tmut           0%           99%         5
 Bolt of Magma            Conj/Fire/Erth 0%           99%         5
 Borgnjor's Vile Clutch   Necr/Erth      0%           99%         5
 Fireball                 Conj/Fire      0%           99%         5
 Irradiate                Conj/Tmut      0%           99%         5
 Lee's Rapid Deconstruct  Erth           0%           99%         5
 Metabolic Englaciation   Hex/Ice        0%           99%         5
 Silence                  Hex/Air        0%           99%         5
 Summon Demon             Summ           0%           99%         5
 Summon Forest            Summ/Tloc      0%           99%         5
 Summon Mana Viper        Hex/Summ       0%           99%         5
 Yara's Violent Unravell  Hex/Tmut       0%           99%         5
 Dispersal                Tloc           0%           100%        6
 Eringya's Noxious Bog    Tmut/Pois      0%           100%        6
 Freezing Cloud           Conj/Ice/Air   0%           100%        6
 Hydra Form               Tmut           0%           100%        6
 Invisibility             Hex            0%           100%        6
 Iron Shot                Conj/Erth      0%           100%        6
 Ozocubu's Refrigeration  Ice            0%           100%        6
 Shadow Creatures         Summ           N/A          100%        6
 Simulacrum               Ice/Necr       0%           100%        6
 Starburst                Conj/Fire      0%           100%        6
 Statue Form              Tmut/Erth      0%           100%        6
 Haunt                    Necr/Summ      0%           100%        7
 Summon Hydra             Summ           0%           100%        7
 Borgnjor's Revivificati  Necr           0%           100%        8
 Discord                  Hex            0%           100%        8
 Disjunction              Tloc           0%           100%        8
 Ignition                 Fire           0%           100%        8
 Infestation              Necr           0%           100%        8
 Necromutation            Tmut/Necr      0%           100%        8
 Death's Door             Necr           0%           100%        9
 Dragon's Call            Summ           0%           100%        9
 Shatter                  Erth           0%           100%        9


Dungeon Overview and Level Annotations

Branches:
Dungeon (15/15)            Temple (1/1) D:4            Lair (6/6) D:11
  Swamp (4/4) Lair:2       Spider (4/4) Lair:2        Slime (0/5) Lair:6
    Orc (2/2) D:10            Elf (3/3) Orc:2        Vaults (5/5) D:14
  Crypt (0/3) Vaults:3     Depths (5/5) D:15            Zot (5/5) Depths:5
 Bailey (visited)           IceCv (visited)         Gauntlet (visited)

Altars:
Ashenzari
Cheibriados
Dithmenos
Elyvilon
Fedhas
Gozag
Hepliaklqana
Kikubaaqudgha
Makhleb
Nemelex Xobeh
Okawaru
Qazlal
Ru
Sif Muna
Trog
Uskayaw
Vehumet
Wu Jian
Xom
Yredelemnul
Zin
The Shining One
Beogh
Jiyva
Lugonu

Shops:
D:5 :   D:10 [   D:15 (   Orc:2 ?[=!!*}[*   Vaults:1 !   Vaults:2 :   Zot:4 **
Depths:5 [!*

Portals:
Hell: Depths:1 Depths:2 Depths:3 Depths:4 Depths:5
Abyss: Depths:4 Depths:5
Pandemonium: Depths:3
Ziggurat: Depths:1
Trove: D:15 (give +7 demon blade)

Annotations:
D:12 2 transporters, 2 runed translucent doors, SpoonFarmer's ghost, journeyman HuCj
Swamp:4 2 transporters, phalm's ghost, adept DsCj
Depths:2 2 runed translucent doors, growler's ghost, veteran TeAE
Zot:4 3 runed translucent doors, exclusion: obsidian statue, Plog's ghost, legendary GnFi
Zot:5 exclusion: orange crystal statue


Innate Abilities, Weirdness & Mutations

You are resistant to damage.
You can heal yourself by infusing magical energy.
You resist negative energy. (rN+)
You passively map a large area around you.
You do not regenerate.
You have sharp fingernails.
You are surrounded by a mild repulsion field. (EV +2)
You tend to lose your temper in combat.
Your body sometimes deteriorates upon taking damage.
You are dopey. (Int -2)
You have an increased reservoir of magic. (+10% MP)
You occasionally shout uncontrollably at your foes.
You are occasionally teleported next to monsters.
You are weak. (Str -2)
Potions are less effective at restoring your health.
Your spells are a little easier to cast, but a little less powerful.


Message History

Your hellwing blinks!
The Killer Klown blinks!
Your hellwing blinks!
The Killer Klown blinks! x2; The orb of fire blinks!
The electric golem blinks!
Your hellwing blinks! x2
The orb of fire blinks!
You blink.
The orb of fire glows bright magenta.
The bolt of fire hits you!!!!
* * * LOW HITPOINT WARNING * * *
The Killer Klown grins with merry abandon.
The Killer Klown blinks!
The Killer Klown pies you viciously! The klown pie misses you.
The Killer Klown blinks!
Your hellwing hits the orb of fire.
Your hellwing closely misses the orb of fire.
Your system partially rejects the healing.
You feel much better.
The orb of fire glows yellow.
The fireball explodes!
The fireball engulfs you!!!
You die...

.......§.†......▓▓▓......
^,^....X...§.......▓▓...^...
, ,
..§.............▓.^...... *
,..........^........4..0.. ,
,.........§.....§▓........ *
,.p.p....*..4....▓▓p...... ,
, ,..[.............▓▓▓^.....
, ,...§......4..^..▓ ▓▓▓▓▓▓▓
*, ....§..@*.§...▓▓ ,
8...........▓▓▓ ** ,
.........▓▓▓▓ * *▓▓▓▓▓▓▓▓▓▓


You could see 2 orbs of fire, 2 Killer Klowns, an electric golem, an Orb
Guardian and 2 friendly hellwings.

Vanquished Creatures
  6 orbs of fire
  Mara (Spider:4)
  5 ancient liches
  Bai Suzhen (Depths:3)
  Saint Roka (Vaults:5)
  2 caustic shrikes (Depths:2)
  2 curse toes (Zot:4)
  8 golden dragons
  Arachne (Spider:2)
  A bone dragon (Depths:5)
  3 electric golems
  6 liches
  2 Ice Fiends (IceCv)
  14 tentacled monstrosities
  22 Orb Guardians (Zot:5)
  Rupert (Lair:4)
  Asterion (Spider:3)
  A deep elf blademaster (Elf:2)
  Jorgrun (Swamp:2)
  2 deep elf master archers (Elf:3)
  7 quicksilver dragons
  5 titans
  6 sphinxes
  12 death cobs
  2 thorn hunters
  19 shadow dragons
  10 tengu reavers
  4 draconian monks
  Roxanne (Spider:3)
  16 storm dragons
  3 fenstrider witches
  6 draconian knights
  15 fire giants
  11 deep elf sorcerers
  6 ghost moths
  A frost giant (shapeshifter) (Depths:3)
  4 iron dragons
  12 frost giants
  10 draconian scorchers
  8 emperor scorpions
  5 draconian shifters
  A curse skull (Vaults:3)
  20 vault wardens
  2 orc warlords
  Aizul (Swamp:2)
  3 draconian stormcallers
  7 deep elf elementalists
  10 draconian annihilators
  Louise (Swamp:4)
  2 ghouls (Vaults:3)
  23 very ugly things
  4 spriggan defenders
  13 ironheart preservers
  Nessos (Lair:4)
  2 war gargoyles (Vaults:5)
  25 stone giants
  3 vampire knights (Depths:2)
  8 deep elf demonologists
  Azrael (Spider:3)
  6 entropy weavers
  13 deep elf annihilators
  3 bunyips
  9 black draconians
  12 yellow draconians
  A dire elephant (D:15)
  11 red draconians
  20 spark wasps
  8 green draconians
  11 purple draconians
  13 white draconians
  12 ettins
  7 eleionomae
  2 merfolk impalers
  A merfolk javelineer (Depths:2)
  11 deep elf death magi
  An eleionoma (shapeshifter) (Vaults:5)
  A large abomination (Vaults:5)
  16 yaktaur captains
  5 deep elf high priests (Elf:3)
  13 fire dragons
  4 rakshasas
  Josephine (Lair:6)
  8 boulder beetles
  16 great orbs of eyes
  40 vault guards
  14 ice dragons
  14 hydras
  23 ogre magi
  5 spriggan air magi
  12 centaur warriors
  A queen ant (Spider:1)
  2 death knights
  2 catoblepae (Depths:3)
  A merfolk avatar (Lair:6)
  6 alligators
  26 dancing weapons
  4 tengu warriors
  5 deep troll shamans
  8 deep troll earth magi
  39 two-headed ogres
  3 death yaks (Lair:3)
  3 orc high priests
  3 vampire magi
  8 spriggan berserkers
  15 deep elf knights
  5 soul eaters
  24 hell knights
  2 fire crabs (shapeshifter)
  5 skeletal warriors (D:15)
  8 small abominations
  2 iron trolls
  A shadow wraith (Vaults:4)
  A deep troll (shapeshifter) (Vaults:5)
  2 death drakes (Zot:4)
  3 goliath frogs
  A sea snake (Lair:6)
  4 swamp dragons
  2 spriggan druids (Swamp:1)
  3 flayed ghosts
  A swamp dragon (shapeshifter) (Depths:3)
  4 glowing orange brains
  An orange crystal statue (D:12)
  18 deep trolls
  A shadow demon (Depths:3)
  3 unseen horrors
  6 bog bodies
  11 ironbrand convokers
  Pikel (D:8)
  16 deep elf archers
  11 wizards
  73 deep elf magi
  11 necromancers
  13 orc knights
  A harpy (shapeshifter) (Vaults:3)
  A phantasmal warrior (Vaults:5)
  46 ugly things
  A mana viper (shapeshifter) (Vaults:5)
  17 orb spiders
  A stone giant zombie (Vaults:4)
  28 wolf spiders
  A manticore (D:12)
  A tengu skeleton (Vaults:4)
  A fire giant zombie (Vaults:4)
  2 orc sorcerers
  8 cyclopes
  3 salamanders
  25 moths of wrath
  A will-o-the-wisp (Swamp:3)
  Maurice (D:8)
  27 elephants
  A guardian serpent (D:13)
  A black mamba (Lair:3)
  15 vault sentinels
  A black mamba (shapeshifter) (Vaults:5)
  2 ice statues (IceCv)
  Joseph (D:8)
  A draconian skeleton (Zot:4)
  A smoke demon (Depths:3)
  12 cane toads
  2 centaur skeletons
  4 rime drakes
  A kobold demonologist (Depths:4)
  11 freezing wraiths
  11 komodo dragons
  65 yaktaurs
  3 demonic crawlers
  13 ice devils (IceCv)
  A guardian mummy (Zot:4)
  A hellwing (Depths:3)
  A jumping spider (shapeshifter) (Depths:3)
  A queen bee (Lair:2)
  17 jumping spiders
  A tengu conjurer (Depths:3)
  12 trolls
  14 hornets
  5 polar bears
  A polar bear (shapeshifter) (Vaults:2)
  8 tyrant leeches
  A raiju (Gauntlet)
  13 blink frogs
  A wind drake (shapeshifter) (Vaults:3)
  A wind drake (Lair:6)
  4 dream sheep (Lair:4)
  26 slime creatures
  An ettin zombie (Vaults:4)
  A frost giant simulacrum (Vaults:4)
  6 wraiths
  Sigmund (D:5)
  2 shadows
  6 wyverns
  47 yaks
  9 spriggans
  4 air elementals
  A vampire (D:15)
  A ynoxinul (Depths:3)
  15 tarantellas
  A tarantella (shapeshifter) (Depths:4)
  4 basilisks
  5 fire elementals
  57 redbacks
  24 water elementals
  3 steam dragons
  4 swamp worm simulacra (Swamp:4)
  A basilisk (shapeshifter) (Vaults:1)
  6 vampire mosquitoes
  A chaos spawn (Depths:3)
  9 wargs
  A yaktaur simulacrum (Vaults:4)
  3 soldier ants (Spider:1)
  20 swamp worms
  2 hell hounds (Spider:3)
  2 acid dragons
  20 water moccasins
  14 hydra simulacra (Swamp:4)
  2 floating eyes
  4 black bears
  A black bear (shapeshifter) (Depths:1)
  4 ice beasts
  6 sky beasts
  3 phantoms
  An ettin simulacrum (Vaults:4)
  3 necrophages
  52 orc warriors
  A human zombie (Vaults:4)
  4 eyes of draining
  15 boggarts
  48 ogres
  17 wolves
  14 centaurs
  2 human skeletons (Vaults:4)
  3 lemures (D:8)
  3 big kobolds
  Blork the orc (D:6)
  25 bullfrogs
  2 glowing shapeshifter simulacra
  10 earth elementals
  5 scorpions
  A water moccasin skeleton (D:5)
  2 human simulacra
  28 killer bees
  18 wights
  5 howler monkeys
  An electric eel (Spider:4)
  3 centaur zombies
  A quasit (D:11)
  4 bullfrog zombies
  5 hounds
  5 jellies
  22 orc priests
  3 bullfrog skeletons
  29 orc wizards
  3 iguanas
  Natasha (thrice) (D:2)
  2 lightning spires (Gauntlet)
  15 worker ants
  2 hell rats (Lair:5)
  A hound zombie (D:5)
  2 hound skeletons
  16 gnolls
  7 adders
  10 river rats (Lair:5)
  A shadow imp (D:6)
  8 white imps
  4 swamp drake simulacra (Swamp:4)
  11 ufetubi
  12 oozes
  2 adder skeletons
  5 worms
  3 dart slugs
  5 leopard geckos
  130 orcs
  10 bats
  4 giant cockroaches
  29 goblins
  24 hobgoblins
  4 jackals (D:8)
  4 quokkas
  3 ball pythons
  2 frilled lizards (D:2)
  25 kobolds
  A leopard gecko skeleton (D:5)
  A quokka skeleton (D:6)
  4 rats
  7 crawling corpses
2445 creatures vanquished.

Vanquished Creatures (collateral kills)
  A Killer Klown (Zot:5)
  the Enchantress (Depths:2)
  A tentacled monstrosity (Vaults:5)
  A deep elf master archer (Elf:3)
  A tengu reaver (Depths:4)
  A deep elf annihilator (Elf:3)
  A minotaur (Gauntlet)
  2 hydras (Lair:6)
  A spriggan air mage (Depths:2)
  A vault guard (Vaults:5)
  A two-headed ogre (D:15)
  A harpy (Lair:6)
  An elephant (Lair:6)
  A cane toad (Lair:6)
  3 rime drakes (Lair:6)
  A harpy zombie (D:15)
  A hornet (Depths:4)
  3 spriggans (Depths:2)
  2 swamp worms (Gauntlet)
  2 water moccasins (Lair:6)
27 creatures vanquished.

Vanquished Creatures (others)
  A draconian knight (Zot:3)
  2 fire giants
  A deep elf sorcerer (Elf:3)
  An ironheart preserver (Vaults:4)
  A very ugly thing (Vaults:5)
  A deep elf death mage (Vaults:5)
  An ice dragon (Swamp:4)
  A dancing weapon (Vaults:5)
  3 spriggans (Swamp:4)
  A small abomination (Vaults:5)
  An unseen horror (D:12)
  An orb spider (Spider:4)
  An ugly thing (Depths:1)
  2 yaktaurs
  A jumping spider (Spider:3)
  A tyrant leech (Swamp:4)
  2 hornets (Swamp:4)
  3 bloated husks
  A tarantella (Spider:4)
  A wyvern (Lair:6)
  A swamp worm (Swamp:2)
  An acid dragon (Lair:6)
  An orc warrior (Vaults:5)
  An ogre (Vaults:5)
  A boggart (Vaults:1)
  A centaur (Depths:1)
  An orc priest (Vaults:5)
  2 orc wizards
  4 white imps (IceCv)
  An ufetubus (IceCv)
  A crawling corpse (Elf:3)
  2 foxfires (Swamp:3)
  45 fungi
  103 plants
  12 toadstools (D:3)
204 creatures vanquished.

Grand Total: 2676 creatures vanquished

Notes
Turn   | Place    | Note
-------+----------+-------------------------------------------
     0 | D:1      | ZappyNine the Deep Dwarf Fighter began the quest for the
                  | Orb.
     0 | D:1      | Reached XP level 1. HP: 20/20 MP: 1/1
   119 | D:1      | Reached XP level 2. HP: 25/27 MP: 2/2
   728 | D:1      | You fall into a shaft and drop 1 floor!
   752 | D:2      | Reached skill level 3 in Axes
   752 | D:2      | Reached XP level 3. HP: 29/34 MP: 3/3
   902 | D:2      | Reached XP level 4. HP: 36/42 MP: 4/4
  1021 | D:2      | Found a bloodstained altar of Trog.
  1178 | D:2      | Noticed Natasha
  1190 | D:2      | Killed Natasha
  1220 | D:2      | Noticed Natasha
  1227 | D:2      | Killed Natasha
  1231 | D:2      | Reached XP level 5. HP: 39/49 MP: 5/5
  1272 | D:2      | Noticed Natasha
  1302 | D:2      | Killed Natasha
  1640 | D:3      | Found a sacrificial altar of Ru.
  1794 | D:3      | Found a blossoming altar of Fedhas.
  1855 | D:3      | Reached skill level 5 in Armour
  1885 | D:3      | Reached skill level 4 in Axes
  1885 | D:3      | Reached XP level 6. HP: 12/57 MP: 5/5
  2268 | D:3      | Found a bloodstained altar of Trog.
  2492 | D:3      | Found an opulent altar of Gozag.
  2507 | D:3      | Reached XP level 7. HP: 60/64 MP: 6/6
  3621 | D:4      | Found a staircase to the Ecumenical Temple.
  3749 | Temple   | Entered the Ecumenical Temple
  3815 | Temple   | Became a worshipper of Makhleb the Destroyer
  4328 | D:5      | Entered Level 5 of the Dungeon
  4343 | D:5      | Noticed Sigmund
  4376 | D:5      | Reached skill level 5 in Axes
  4376 | D:5      | Reached skill level 5 in Shields
  4382 | D:5      | Killed Sigmund
  4383 | D:5      | Reached XP level 8. HP: 37/73 MP: 7/7
  4455 | D:4      | Reached skill level 5 in Fighting
  4543 | D:5      | Reached skill level 6 in Axes
  4808 | D:5      | Reached * piety under Makhleb
  4811 | D:5      | Found Kuonging's Book Shoppe.
  4841 | D:5      | Found a broken altar of Ashenzari.
  4968 | D:5      | Found an opulent altar of Gozag.
  5457 | D:6      | Noticed Blork the orc
  5470 | D:6      | Gained mutation: You passively map the area around you.
                  | [Deep Dwarf growth]
  5470 | D:6      | Reached XP level 9. HP: 62/82 MP: 5/5
  5473 | D:6      | Killed Blork the orc
  5484 | D:6      | Reached skill level 7 in Axes
  6247 | D:7      | Reached ** piety under Makhleb
  6515 | D:7      | Reached skill level 8 in Axes
  7007 | D:8      | Found a flagged portal.
  7063 | Bailey   | Entered a bailey
  7079 | Bailey   | Gained mutation: You have sharp fingernails. [potion of
                  | mutation]
  7079 | Bailey   | Gained mutation: You have an increased reservoir of magic.
                  | (+10% MP) [potion of mutation]
  7116 | Bailey   | Reached *** piety under Makhleb
  7254 | Bailey   | Reached skill level 10 in Armour
  7261 | Bailey   | Reached XP level 10. HP: 88/94 MP: 7/7
  7329 | Bailey   | Reached **** piety under Makhleb
  7354 | Bailey   | Noticed an orc warlord
  7383 | Bailey   | Reached skill level 9 in Axes
  7394 | Bailey   | Killed an orc warlord
  7485 | Bailey   | Reached skill level 5 in Dodging
  7485 | Bailey   | Reached XP level 11. HP: 94/108 MP: 8/8
  8063 | D:8      | Noticed Joseph
  8132 | D:8      | Killed Joseph
  8237 | D:8      | Noticed Maurice
  8250 | D:8      | Killed Maurice
  8483 | D:8      | Reached skill level 10 in Axes
  8511 | D:8      | Found a hide-covered altar of Uskayaw.
  8604 | D:8      | Found a glowing golden altar of the Shining One.
  8760 | D:8      | Noticed Pikel
  8783 | D:8      | Killed Pikel
  8784 | D:8      | Reached skill level 10 in Fighting
  8790 | D:8      | Identified a scroll of acquirement
  8790 | D:8      | Acquired the ring "Igecwaer" {rPois rN+ EV+4 Str-3}
  8840 | D:9      | Reached skill level 1 in Invocations
  8953 | D:9      | Reached skill level 1 in Evocations
  9184 | D:9      | Noticed a two-headed ogre
  9192 | D:9      | Killed a two-headed ogre
  9197 | D:9      | Reached ***** piety under Makhleb
  9311 | D:9      | Found a stormy altar of Qazlal.
  9312 | D:9      | Found a shimmering blue altar of Sif Muna.
  9535 | D:10     | Entered Level 10 of the Dungeon
  9548 | D:10     | Reached XP level 12. HP: 98/116 MP: 11/13
  9627 | D:10     | Found Onnum's Armour Shop.
  9668 | D:10     | Found a staircase to the Orcish Mines.
  9691 | D:10     | Reached skill level 5 in Invocations
 10332 | D:11     | Found a staircase to the Lair.
 10357 | D:11     | Found a gate leading to a gauntlet.
 10358 | D:11     | You fall into a shaft and drop 1 floor!
 10395 | D:12     | Reached skill level 5 in Evocations
 10398 | D:12     | Found a transporter.
 10461 | Gauntlet | Entered a Gauntlet
 10461 | Gauntlet | Found a transporter.
 10461 | Gauntlet | Found a transporter.
 10462 | Gauntlet | Found a transporter.
 10464 | Gauntlet | Found a transporter.
 10465 | Gauntlet | Found a transporter.
 10482 | Gauntlet | Found a transporter.
 10484 | Gauntlet | Found a transporter.
 10490 | Gauntlet | Found a transporter.
 10518 | Gauntlet | Found a transporter.
 10799 | Gauntlet | Got a shimmering amber ring
 10806 | Gauntlet | Got a pair of spiked boots
 10808 | Gauntlet | Identified the ring "Ydweph" {Wiz +Fly rC+++ rN++ Str-4}
                  | (You found it in a Gauntlet)
 10810 | Gauntlet | Identified the +2 pair of boots "Ruoluyz" {rPois rF+ rC+
                  | Int+4} (You found it in a Gauntlet)
 10842 | Gauntlet | Got an ancient copper ring
 11110 | Gauntlet | Noticed a minotaur
 11117 | Gauntlet | Found a transporter.
 11127 | Gauntlet | HP: 5/116 [minotaur/+0 quick blade (12)]
 11149 | Gauntlet | Killed a minotaur
 11180 | Gauntlet | Identified the Disquisition on Harmful Ice
 11185 | Gauntlet | Identified the Papyrus of the Oath and Stones
 11279 | D:11     | Identified the ring "Wempoq" {*Corrode +Inv rC- Will+++
                  | Int+6} (You found it in a Gauntlet)
 11696 | D:12     | Noticed SpoonFarmer's ghost (journeyman HuCj)
 11697 | D:12     | Noticed a lich
 11701 | D:12     | Noticed a centaur warrior
 11701 | D:12     | Noticed a vampire knight
 11711 | D:12     | Reached skill level 10 in Invocations
 11725 | D:12     | Found a transporter.
 12013 | D:12     | Noticed a centaur warrior
 12031 | D:12     | Killed a centaur warrior
 12262 | D:12     | Found a runed translucent door.
 12294 | D:12     | Found a runed translucent door.
 12483 | Lair:1   | Entered Level 1 of the Lair of Beasts
 13335 | Lair:2   | Reached XP level 13. HP: 124/124 MP: 15/15
 13418 | Lair:2   | Found a staircase to the Swamp.
 13481 | Lair:2   | Found a hole to the Spider Nest.
 13534 | Lair:2   | Reached skill level 11 in Axes
 13721 | Lair:2   | Reached ****** piety under Makhleb
 14460 | Lair:3   | Reached skill level 12 in Axes
 14933 | Lair:3   | Got a crude scale mail
 14934 | Lair:3   | Identified the +1 scale mail of Juuraxi {Regen+ MP-9
                  | Slay+5} (You found it on level 3 of the Lair of Beasts)
 15279 | Lair:4   | Noticed Nessos
 15314 | Lair:4   | Killed Nessos
 15578 | Lair:4   | Gained mutation: You resist negative energy. (rN+) [Deep
                  | Dwarf growth]
 15578 | Lair:4   | Reached XP level 14. HP: 133/136 MP: 7/16
 15592 | Lair:4   | Noticed Rupert
 15619 | Lair:4   | Killed Rupert
 16104 | Lair:5   | Reached skill level 13 in Axes
 16788 | Lair:6   | Entered Level 6 of the Lair of Beasts
 17119 | Lair:6   | Reached skill level 15 in Armour
 17199 | Lair:6   | Noticed Josephine
 17220 | Lair:6   | Killed Josephine
 17518 | Lair:6   | Got a pair of warped gloves
 17524 | Lair:6   | Identified the +3 pair of gloves "Exzitway" {rPois Will-
                  | Regen+ Str+2} (You found it on level 6 of the Lair of
                  | Beasts)
 17559 | Lair:6   | Reached skill level 14 in Axes
 17698 | Lair:6   | Found a staircase to the Slime Pits.
 17698 | Lair:6   | Found a viscous altar of Jiyva.
 18235 | D:13     | Reached XP level 15. HP: 147/147 MP: 8/17
 19136 | D:14     | Found a gate to the Vaults.
 19785 | D:15     | Entered Level 15 of the Dungeon
 19948 | D:15     | Reached skill level 15 in Axes
 20051 | D:15     | Found a staircase to the Depths.
 20103 | D:15     | Found Nemev's Antique Weapon Boutique.
 20173 | D:15     | Found a portal to a secret trove of treasure.
 20592 | Orc:1    | Entered Level 1 of the Orcish Mines
 20649 | Orc:2    | Entered Level 2 of the Orcish Mines
 20649 | Orc:2    | Found a staircase to the Elven Halls.
 20686 | Orc:2    | Found Naame's Jewellery Shop.
 20739 | Orc:2    | Found a roughly hewn altar of Beogh.
 20771 | Orc:2    | Found Qytomis's General Store.
 20791 | Orc:2    | Found Lerraqala's Gadget Emporium.
 20792 | Orc:2    | Found Kitasigea's Armour Boutique.
 20999 | Orc:2    | Found Qecviec's Distillery.
 21137 | Orc:2    | Reached XP level 16. HP: 156/159 MP: 7/16
 21141 | Orc:2    | Found Gierush's Distillery.
 21159 | Orc:2    | Found Fogog's Armour Boutique.
 21167 | Orc:2    | Found Vujilarr's Magic Scroll Emporium.
 21230 | Orc:2    | Found Liudus's General Store.
 21381 | Orc:2    | Bought the ring "Pyuze" {rF+ Dex+4 Slay+3} for 848 gold
                  | pieces
 21419 | Orc:2    | Bought the +10 plate armour of Dust Devil {Harm Slay+5} for
                  | 1409 gold pieces
 21906 | Orc:2    | Bought a scroll of brand weapon for 320 gold pieces
 22199 | Swamp:1  | Entered Level 1 of the Swamp
 22225 | Swamp:1  | Reached skill level 16 in Axes
 22241 | Lair:2   | HP: 3/160 [alligator[a spriggan druid] (18)]
 22421 | Swamp:1  | Noticed a thorn hunter
 22428 | Swamp:1  | Killed a thorn hunter
 22799 | Swamp:2  | Found a frozen archway.
 22803 | IceCv    | Entered an ice cave
 22944 | IceCv    | Noticed an Ice Fiend
 22944 | IceCv    | Noticed an Ice Fiend
 22977 | IceCv    | Reached skill level 17 in Axes
 22981 | IceCv    | Killed an Ice Fiend
 22992 | IceCv    | Killed an Ice Fiend
 23021 | IceCv    | Got a vibrating bone ring
 23033 | IceCv    | Got a dazzling demon whip
 23120 | Swamp:2  | Identified the +7 demon whip of the Whelk {pain, rF+ Str+2
                  | Int-4 Dex+4} (You found it in an ice cave)
 23121 | Swamp:2  | Identified the ring "Gyqelum" {Int+3 Dex+5 Slay+4} (You
                  | found it in an ice cave)
 23200 | Swamp:2  | Noticed Jorgrun
 23210 | Swamp:2  | Killed Jorgrun
 23309 | Swamp:2  | Noticed Aizul
 23320 | Swamp:2  | Killed Aizul
 23324 | Swamp:2  | Reached skill level 18 in Axes
 23660 | Swamp:3  | Noticed a thorn hunter
 23676 | Swamp:3  | Killed a thorn hunter
 23948 | Swamp:3  | Reached XP level 17. HP: 168/168 MP: 15/15
 24009 | Swamp:3  | Reached skill level 19 in Axes
 24237 | Swamp:4  | Entered Level 4 of the Swamp
 24241 | Swamp:4  | Noticed Louise
 24254 | Swamp:4  | Killed Louise
 24355 | Swamp:4  | Found a transporter.
 24357 | Swamp:4  | Found a transporter.
 24358 | Swamp:4  | Noticed phalm's ghost (adept DsCj)
 24670 | Swamp:4  | Got a decaying rune of Zot
 25048 | Depths:1 | Entered Level 1 of the Depths
 25082 | Depths:1 | Reached skill level 20 in Axes
 25152 | Depths:1 | Found a gateway to a ziggurat.
 25259 | Depths:1 | Found a gateway to Hell.
 25483 | Depths:1 | Noticed a lich
 25492 | Depths:1 | Killed a lich
 25493 | Depths:1 | Reached skill level 21 in Axes
 25756 | Depths:1 | Found a shimmering blue altar of Sif Muna.
 25770 | Depths:1 | Noticed an ancient lich
 25772 | Depths:1 | Noticed a lich
 25785 | Depths:1 | Killed an ancient lich
 25786 | Depths:1 | Gained mutation: You passively map a large area around you.
                  | [Deep Dwarf growth]
 25786 | Depths:1 | Reached XP level 18. HP: 147/176 MP: 16/16
 25786 | Depths:1 | Killed a lich
 25882 | Depths:1 | Noticed an ancient lich
 25894 | Depths:1 | Killed an ancient lich
 25906 | Depths:1 | Identified the Reference Book on Spatial Changing
 25908 | Depths:1 | Identified Sif Muna's Guide on Unholy Transformation
 25914 | Depths:1 | Got a scorched lapis lazuli ring
 25931 | Depths:1 | Identified Hideifor's Tome of Ignition and Venom
 25990 | Depths:1 | Identified the Handbook of Activism
 26008 | Depths:1 | Identified Sif Muna's Grimoire of Congealing Black Arts
 26376 | Depths:1 | Identified the ring of the Oligarchy {Int+6 Dex+6 Slay+4}
                  | (You found it on level 1 of the Depths)
 26419 | Depths:2 | Reached skill level 15 in Fighting
 26480 | Depths:2 | Found a large runed translucent door.
 26480 | Depths:2 | Found a large runed translucent door.
 26483 | Depths:2 | Noticed growler's ghost (veteran TeAE)
 26577 | Depths:2 | Noticed a lich
 26587 | Depths:2 | Killed a lich
 26803 | Depths:2 | Noticed a caustic shrike
 26803 | Depths:2 | Noticed a caustic shrike
 26807 | Depths:2 | Noticed a lich
 26817 | Depths:2 | Killed a caustic shrike
 27057 | Depths:2 | Found the +8 glaive of the Guard {elec, spectral, AC+5}
 27069 | Depths:2 | Reached XP level 19. HP: 154/186 MP: 18/18
 27088 | Depths:2 | Killed a lich
 27154 | Depths:2 | Acquired 1261 gold pieces
 27262 | Depths:2 | Noticed the Enchantress
 27273 | Depths:2 | Killed the Enchantress
 27495 | Depths:3 | Found a one-way gate leading to the halls of Pandemonium.
 27506 | Depths:3 | Reached skill level 22 in Axes
 27510 | Depths:3 | Noticed Bai Suzhen
 27523 | Depths:3 | Killed Bai Suzhen
 27821 | Depths:3 | Reached skill level 15 in Invocations
 27900 | Depths:3 | Identified the +9 falchion of Qazlal's Favour {vamp, Dex+2}
 27959 | Depths:3 | Reached XP level 20. HP: 198/198 MP: 19/19
 28118 | Depths:3 | Got a jewelled rapier
 28119 | Depths:3 | Identified the +9 rapier of Hacking and Slashing {freeze,
                  | rPois rF+} (You found it on level 3 of the Depths)
 28800 | Depths:4 | Paralysed by a sphinx for 5 turns
 28872 | Depths:4 | Found a flickering gateway to a bazaar.
 28881 | Bazaar   | Entered a bazaar
 28885 | Bazaar   | Found Reshruloa's Assorted Antiques.
 28908 | Bazaar   | Found Dozosm's Antique Weapon Shoppe.
 28931 | Bazaar   | Found Zisoen's Book Boutique.
 28966 | Bazaar   | Found Nuse's Antique Weapon Emporium.
 29092 | Bazaar   | Bought a potion of berserk rage for 140 gold pieces
 29092 | Bazaar   | Bought a scroll of silence for 210 gold pieces
 29092 | Bazaar   | Bought a wand of digging (5) for 224 gold pieces
 29369 | Depths:4 | Reached skill level 23 in Axes
 29390 | Depths:4 | Paralysed by a floating eye for 3 turns
 29404 | Depths:4 | Paralysed by a floating eye for 2 turns
 29573 | Depths:4 | Noticed a golden dragon
 29581 | Depths:4 | Killed a golden dragon
 29582 | Depths:4 | Reached XP level 21. HP: 208/208 MP: 20/20
 29828 | Depths:4 | Found a one-way gate to the infinite horrors of the Abyss.
 29984 | Depths:5 | Entered Level 5 of the Depths
 29984 | Depths:5 | Found Utimek's General Store.
 29987 | Depths:5 | Found Alaaterr's Distillery.
 29989 | Depths:5 | Found Loweggil's Antique Armour Shop.
 30000 | Depths:5 | Bought a potion of heal wounds for 110 gold pieces
 30000 | Depths:5 | Bought a potion of invisibility for 176 gold pieces
 30000 | Depths:5 | Bought a potion of haste for 220 gold pieces
 30000 | Depths:5 | Bought a potion of haste for 220 gold pieces
 30072 | Depths:5 | Found a gate to the Realm of Zot.
 30830 | Depths:5 | Found a corrupted altar of Lugonu.
 31199 | Vaults:1 | Entered Level 1 of the Vaults
 31382 | Vaults:1 | Found Inteoll's Distillery.
 31390 | Vaults:1 | Bought 2 potions of curing for 96 gold pieces
 31390 | Vaults:1 | Bought a potion of curing for 48 gold pieces
 31390 | Vaults:1 | Bought a potion of berserk rage for 80 gold pieces
 31390 | Vaults:1 | Bought a potion of invisibility for 128 gold pieces
 31390 | Vaults:1 | Bought a potion of might for 64 gold pieces
 31390 | Vaults:1 | Bought a potion of heal wounds for 80 gold pieces
 32906 | Vaults:2 | Reached XP level 22. HP: 219/219 MP: 21/21
 33078 | Vaults:2 | Found Quts's Book Boutique.
 34097 | Vaults:3 | Reached skill level 24 in Axes
 34490 | Vaults:3 | Found a staircase to the Crypt.
 35520 | Vaults:4 | Reached skill level 10 in Evocations
 36295 | Spider:1 | Entered Level 1 of the Spider Nest
 37096 | Spider:1 | Reached XP level 23. HP: 230/230 MP: 20/20
 37656 | Spider:2 | Noticed Arachne
 37665 | Spider:2 | Killed Arachne
 38202 | Spider:3 | Noticed Asterion
 38212 | Spider:3 | Killed Asterion
 38220 | Spider:3 | Noticed Azrael
 38246 | Spider:3 | Killed Azrael
 38415 | Spider:3 | Identified Roxanne's Papyrus of Transmutation
 38415 | Spider:3 | Noticed Roxanne
 38436 | Spider:3 | Killed Roxanne
 38733 | Spider:4 | Entered Level 4 of the Spider Nest
 38757 | Spider:4 | Noticed Mara
 38758 | Spider:4 | Noticed ZappyNine's illusion
 38775 | Spider:4 | Killed Mara
 39108 | Spider:4 | Got a gossamer rune of Zot
 40031 | Elf:1    | Entered Level 1 of the Elven Halls
 40271 | Elf:1    | Acquired a manual of Evocations
 40734 | Elf:2    | Found a runed translucent gate.
 40734 | Elf:2    | Found a runed translucent gate.
 40835 | Elf:2    | Found a runed translucent gate.
 40965 | Elf:2    | Found a magical portal.
 41266 | Elf:2    | Reached skill level 15 in Evocations
 41431 | Elf:2    | Reached XP level 24. HP: 164/240 MP: 20/20
 41549 | Elf:3    | Entered Level 3 of the Elven Halls
 42342 | Elf:3    | Identified the +1 spear "Mojeebur" {flame, Dex+4}
 42401 | Elf:3    | Found the +7 captain's cutlass {speed, disarm}
 42424 | Elf:3    | Identified the Guide on Supportive Snow
 42447 | Elf:3    | Identified the +3 plate armour "Udit" {Dex+4} (You found it
                  | on level 3 of the Elven Halls)
 42489 | Elf:3    | Identified the cursed ring of Esky {AC-4 Int+2}
 42490 | Elf:3    | Found the +7 Singing Sword {vorpal, sonic wave}
 43117 | Vaults:5 | Entered Level 5 of the Vaults
 43125 | Vaults:5 | Reached skill level 10 in Dodging
 43140 | Vaults:5 | Noticed an ancient lich
 43154 | Vaults:5 | Killed an ancient lich
 43162 | Vaults:5 | Reached skill level 15 in Dodging
 43184 | Vaults:5 | Reached XP level 25. HP: 247/247 MP: 19/19
 43405 | Vaults:5 | Identified the cursed +3 hunting sling of Action {flame,
                  | rPois}
 43405 | Vaults:5 | Identified the +5 plate armour of Lesser Demons {Rampage
                  | rC- rCorr Int+4}
 43407 | Vaults:5 | Identified the amulet "Jeyv" {Reflect rPois rC- Str+3 Int+3
                  | SH+5}
 43438 | Vaults:5 | Got a silver rune of Zot
 43443 | Vaults:5 | Identified the +4 chain mail of Muexut {Int+3 Dex+6} (You
                  | found it on level 5 of the Vaults)
 43518 | Vaults:5 | Identified the +4 rapier of a Million Xenops {freeze, Will+
                  | Str+4}
 43597 | Vaults:5 | Identified the Papyrus of Dusty Flames
 43781 | Vaults:5 | Identified the amulet "Vargheefo" {rElec rC- rN++ Regen+
                  | Stlth+}
 43798 | Vaults:5 | Noticed Saint Roka
 43816 | Vaults:5 | Killed Saint Roka
 43999 | Vaults:5 | Identified the ring "Seijiniy" {EV+4 Str+3}
 44126 | Vaults:5 | Identified the Catalogue of Creative Bewitchment
 44742 | Zot:1    | Entered Level 1 of the Realm of Zot
 45122 | Zot:1    | Reached skill level 25 in Axes
 45122 | Zot:1    | Reached XP level 26. HP: 258/258 MP: 19/19
 45935 | Zot:2    | Noticed an orb of fire
 45939 | Zot:2    | Gained mutation: Your spells are a little easier to cast,
                  | but a little less powerful. [an orb of fire]
 45946 | Zot:2    | Killed an orb of fire
 47209 | Zot:4    | Noticed an ancient lich
 47215 | Zot:4    | Killed an ancient lich
 47227 | Zot:4    | Noticed an ancient lich
 47238 | Zot:4    | Killed an ancient lich
 47273 | Zot:4    | Reached skill level 26 in Axes
 47467 | Zot:4    | Reached XP level 27. HP: 270/270 MP: 0/18
 48166 | Zot:4    | Found a runed translucent gate.
 48169 | Zot:4    | Found a runed translucent gate.
 48169 | Zot:4    | Found a runed translucent gate.
 48170 | Zot:4    | Found an opulent altar of Gozag.
 48172 | Zot:4    | Found Ewnajop's Assorted Antiques.
 48172 | Zot:4    | Noticed Plog's ghost (legendary GnFi)
 48174 | Zot:4    | Found Jeecad's Assorted Antiques.
 48296 | Zot:5    | Entered Level 5 of the Realm of Zot
 48892 | Zot:5    | Noticed an orb of fire
 48895 | Zot:5    | Gained mutation: You occasionally shout uncontrollably at
                  | your foes. [an orb of fire]
 48906 | Zot:5    | Gained mutation: Your body sometimes deteriorates upon
                  | taking damage. [an orb of fire]
 48908 | Zot:5    | Killed an orb of fire
 48912 | Zot:5    | Noticed an orb of fire
 48913 | Zot:5    | Noticed an orb of fire
 48913 | Zot:5    | Gained mutation: You are weak. (Str -2) [an orb of fire]
 48914 | Zot:5    | Noticed an orb of fire
 49107 | Zot:5    | Gained mutation: You are dopey. (Int -2) [an orb of fire]
 49109 | Zot:5    | Killed an orb of fire
 49109 | Zot:5    | Gained mutation: You are surrounded by a mild repulsion
                  | field. (EV +2) [an orb of fire]
 49119 | Zot:5    | Killed an orb of fire
 49124 | Zot:5    | Noticed an orb of fire
 49131 | Zot:5    | Killed an orb of fire
 49158 | Zot:5    | Reached skill level 27 in Axes
 49184 | Zot:5    | Noticed an orb of fire
 49187 | Zot:5    | Gained mutation: Potions are less effective at restoring
                  | your health. [an orb of fire]
 49188 | Zot:5    | Noticed an orb of fire
 49190 | Zot:5    | Killed an orb of fire
 49195 | Zot:5    | Noticed an orb of fire
 49198 | Zot:5    | Gained mutation: You tend to lose your temper in combat.
                  | [an orb of fire]
 49198 | Zot:5    | Noticed an orb of fire
 49202 | Zot:5    | Gained mutation: You are occasionally teleported next to
                  | monsters. [an orb of fire]
 49204 | Zot:5    | HP: 9/274 [orb of fire/bolt of fire (120)]
 49205 | Zot:5    | Killed from afar by an orb of fire

Illustrated notes

Levels and vault maps discovered:
D:1:      mrwooster_arrival_arrow, layout_basic, dk_noncrumbling_4,
          chequers_decorated_corner
D:2:      minmay_chambers_of_twos, layout_loops_ring, lightli_temple_of_fire,
          uniq_natasha
D:3:      cheibrodos_fertilizer, layout_basic, fedhas_altar_4,
          nicolae_ru_awakened_eye, old_standard_altar, serial_forest,
          infiniplex_forest_clump_double, infiniplex_forest_end_3,
          infiniplex_forest_lined_3, infiniplex_forest_end_2,
          infiniplex_forest_straight_2, infiniplex_forest_lined_corner,
          trog_eyes_of_draining
D:4:      layout_loops_corners, minmay_temple_entry_glass, chequers_avenue
D:5:      layout_cave_pools, evilmike_ruin_ashenzari, serial_shops,
          nicolae_shop_waterfront, grunt_decor_clamped, skrybe_limestone_x,
          minmay_misc_feat_chi, nicolae_gozag_cash_rules_everything_around_me,
          uniq_sigmund
D:6:      layout_basic, uniq_blork_the_orc
D:7:      layout_basic, serial_park_tiny_pond
D:8:      layout_loops_ring, nicolae_tso_swordbearing_angel,
          lemuel_coloured_pillars_altar, enter_bailey_5, minmay_crystal_water,
          hangedman_decor_peaks_small, uniq_pikel, uniq_maurice, uniq_joseph
D:9:      layout_long_grid, gammafunk_temple_overflow_pools
D:10:     layout_roguey, david_orc_3, serial_corexii_hall,
          corexii_hall_statues_u, chequers_hall_statues_wall_a, serial_shops,
          nicolae_shop_behind_doors
D:11:     layout_loops_ring, lair_entry_dummy, gauntlet_entry_generic,
          kennysheep_just_a_vault
D:12:     gammafunk_wand_slinger, layout_cave_pools,
          muffindrake_ghost_dual_entry, st_stairs_3, minmay_statue_bubble
D:13:     layout_loops_corners, serial_rivers, chequers_serial_rivers_room_a,
          chequers_serial_rivers_micro_e, chequers_serial_rivers_micro_c,
          chequers_serial_rivers_micro_e, chequers_serial_rivers_micro_b,
          abandoned_shop, fake_guardian_serpent_vault
D:14:     layout_roguey, erik_vaults_2, serial_park_tiny_2
D:15:     hangedman_depths_entry_try_elsewhere_first, layout_small_grid,
          minivault_19, nicolae_trove_entry_free_sample, serial_shops, shop
Temple:   cyrus_circular_temple
Lair:1:   layout_regular_city, beast_lair_carwin_11, grunt_megastairs_1,
          serial_bayou_shore_b
Lair:2:   layout_roguey [special_room_bee], swamp_mist, spider_nest_entry_webs,
          nzn_random_ring
Lair:3:   layout_roguey, kennysheep_catoblepas_arena, grunt_megastairs_2
Lair:4:   layout_cellular_growth, uniq_rupert, uniq_nessos
Lair:5:   layout_loops_ring, kennysheep_rathole
Lair:6:   gammafunk_lair_ancient_temple, layout_regular_city, slime_altar_1,
          guppyfry_lair_drakes, uniq_josephine
Swamp:1:  layout_basic_swamp, evilmike_swamp_ruin_rubble_2
Swamp:2:  layout_basic_swamp, portal_ice_cave_entry_pillars_1,
          evilmike_swamp_ruin_house_3, uniq_aizul, uniq_jorgrun
Swamp:3:  layout_basic_swamp, evilmike_swamp_ruin_rubble_1
Swamp:4:  swamp_icy, layout_basic_swamp, gammafunk_ghost_mausoleum, uniq_louise
Spider:1: layout_spider_delve, nicolae_spider_ant_collections
Spider:2: layout_chambers, hangedman_spider_tarantella_strand, uniq_arachne
Spider:3: layout_spider_delve, uniq_roxanne, uniq_azrael, uniq_asterion
Spider:4: grunt_spider_rune_circles, nicolae_spider_circle_web,
          guppyfry_hornet_nest, uniq_mara
Orc:1:    layout_caves
Orc:2:    st_orc_open, layout_diamond_mine, serial_shops, shop_fountains, shop,
          nicolae_shop_behind_doors, shop, nicolae_shop_window_shopping,
          david_defended_altar_orc
Elf:1:    minmay_elf_arrival_plus, layout_gridlike, minmay_elf_crystal_hexagon
Elf:2:    layout_rooms, mu_enter_wizlab_2
Elf:3:    minmay_elf_hall_four_x, layout_onion_city, st_stairs_11
Vaults:1: hangedman_vaults_hat, nicolae_vaults_big_angled_halls,
          ontoclasm_vaults_tryst, v_misc_17, hangedman_vaults_cutoff,
          grunt_vaults_hallway_long, nicolae_vaults_little_squares_2,
          vaults_room_pools, v_misc_15, layout_vaults_omnigrid, serial_shops,
          shop
Vaults:2: ontoclasm_vaults_hangar, v_misc_27, vaults_room_stairs_pillars,
          st_diamondy, hangedman_vaults_capsules, v_misc_18, serial_ice_b,
          vaults_room_fours, hangedman_vaults_restitches, v_misc_5,
          layout_vaults_big_cross, serial_shops, shop
Vaults:3: vaults_dpeg_hooks, nicolae_vaults_big_angled_halls,
          hangedman_vaults_variations, minmay_crypt_entry_simple_box, v_misc_10,
          v_misc_14, vaults_room_boxed, nicolae_vaults_minivaults,
          nicolae_vaults_border_crossing, ontoclasm_vaults_ligature, v_rooms_6,
          vaults_mumra_minichess, layout_vaults_maze
Vaults:4: nicolae_vaults_diagonal_hallway_8, nicolae_vaults_big_ls, v_rooms_5,
          ontoclasm_vaults_fault, ontoclasm_vaults_chip,
          nicolae_vaults_what_the_h, v_misc_2, v_misc_22,
          vaults_room_semicircle, layout_vaults_chaotic_city
Vaults:5: uniq_saint_roka
Depths:1: evilmike_library_of_no_secrets, layout_gridlike, enter_ziggurat_a,
          hell_entry, nrook_mini_vaults, chequers_serial_rivers_room_b,
          minmay_misc_feat_encased, minmay_tree_intersection,
          minmay_misc_feat_ornament, corexii_corridor_pit,
          hangedman_decor_slide_cut, serial_bayou_pond_a
Depths:2: minmay_guarded_unrand_guard, layout_cave_pools,
          kennysheep_another_room, hell_entry, ebering_ghost_disaster_area,
          grunt_decor_mini_mirrors, serial_bayou_lagoon_b, uniq_enchantress
Depths:3: minmay_heptahexagon, layout_gridlike, hell_entry,
          rand_demon_pan_entry_3, hangedman_cracks_in_the_wall, uniq_bai_suzhen
Depths:4: evilmike_diamond_1, layout_cave_pools, hell_entry, hex_tiny,
          marbit_kobold_abyss_entry, serial_shops, bzr_in_the_mist
Depths:5: grunt_zot_entry_tricorne, layout_basic, minmay_misc_feat_pillars,
          abyss_entry_flame_altar, pf_vacation_house_of_asmodeus,
          minmay_shop_star
Zot:1:    layout_gridlike
Zot:2:    layout_concentric_octagons
Zot:3:    layout_basic, guppyfry_library_mini
Zot:4:    layout_basic, ebering_ghost_gozag, hangedman_snap_crack_crunch
Zot:5:    layout_twisted_circle, skrybe_zot_glass_1

Skill      XL: |  1  2  3  4  5  6  7  8  9 10 11 12 13 14 15 16 17 18 19 20 21 22 23 24 25 26 27 |
---------------+----------------------------------------------------------------------------------+-----
Fighting       | 3 4 6 7 9 10 11 13 14 15 16 17 18 19 20 21 | 21.6
Axes           | 3 4 5 6 8 9 10 12 14 15 18 21 22 23 24 25 26 27 | 27.0
Armour         | 4 5 7 8 10 12 14 15 16 17 18 19 20 21 22 23 24 | 24.9
Shields        | 4 5 |  5.5
Dodging        | 5 15 19 | 19.9
Invocations    | 4 11 12 14 15 17 18 19 20 | 20.7
Evocations     | 3 5 6 10 16 20 | 20.8

Action                   |  1- 3 |  4- 6 |  7- 9 | 10-12 | 13-15 | 16-18 | 19-21 | 22-24 | 25-27 || total
-------------------------+-------+-------+-------+-------+-------+-------+-------+-------+-------++-------
Melee: War axe           |   100 |   148 |   670 |   443 |  1248 |    72 |       |       |       ||  2681
       Hand axe          |       |       |    21 |   302 |    96 |       |       |       |       ||   419
       Battleaxe         |       |       |       |       |       |   690 |   922 |  1190 |   917 ||  3719
Invok: Lesser Servant of |       |       |       |     6 |     4 |     4 |    12 |     2 |     6 ||    34
       Greater Servant o |       |       |       |       |       |       |     1 |     5 |       ||     6
       Minor Destruction |       |       |       |       |       |       |       |     1 |       ||     1
 Abil: Heal Wounds       |       |     3 |    14 |    20 |     6 |    19 |    17 |    27 |    12 ||   118
       Evoke Flight      |       |       |       |       |       |       |     3 |       |       ||     3
Evoke: Wand              |       |     2 |       |       |       |       |       |       |     5 ||     7
       Phantom mirror    |       |       |       |       |       |       |       |       |     1 ||     1
  Use: Potion            |       |       |     3 |     8 |    12 |    11 |       |     6 |     5 ||    45
       Scroll            |       |       |    23 |    13 |     5 |    19 |     7 |     7 |     1 ||    75
 Stab: Invisible         |       |       |       |     2 |       |     3 |       |    25 |       ||    30
       Distracted        |       |       |       |       |     3 |       |     4 |     3 |     4 ||    14
       Petrified         |       |       |       |       |       |       |     5 |       |       ||     5
Armor: Scale mail        |    67 |     2 |       |    88 |   587 |     6 |       |       |       ||   750
       Plate armour      |       |    74 |   297 |       |       |   703 |   696 |   815 |   486 ||  3071
       Chain mail        |       |       |   158 |   217 |       |       |       |       |       ||   375
Dodge: Dodged            |    36 |    23 |   141 |   248 |   657 |   433 |   475 |   495 |   638 ||  3146
Block: Kite shield       |    77 |    74 |   366 |   302 |   616 |    37 |       |       |       ||  1472
       Other             |       |       |       |       |       |       |       |   173 |   134 ||   307
       Reflection        |       |       |       |       |       |       |       |    16 |     4 ||    20
